 Dungeon Crawl Stone Soup version 0.27-a0-1242-ge70438ac7b (webtiles) character file.

Game seed: 4951765783283686939

30 Kinoniko the Chopper (level 3, -4/27 HPs)
             Began as a Demonspawn Gladiator on June 9, 2021.
             Slain by Sigmund
             ... wielding a +6 scythe of venom
              (8 damage)
             ... on level 2 of the Dungeon.
             The game lasted 00:01:36 (1728 turns).

Kinoniko the Chopper (Demonspawn Gladiator)         Turns: 1728, Time: 00:01:37

Health: -4/27      AC:  5    Str: 15    XL:     3   Next: 5%
Magic:  3/3        EV: 12    Int:  9    God:
Gold:   36         SH:  0    Dex: 14    Spells: 2/2 levels left

rFire    . . .     SeeInvis .   a - +0 war axe
rCold    . . .     Faith    .   (no shield)
rNeg     . . .     Spirit   .   b - +0 leather armour
rPois    .         Reflect  .   c - +0 helmet
rElec    .         Harm     .   i - +0 cloak
rCorr    .         Rampage  .   (no gloves)
Will     .....                  (no boots)
Stlth    +.........             (no amulet)
HPRegen  0.09/turn              (no ring)
MPRegen  0.08/turn              (no ring)

@: lethally poisoned (-4 -> -20)
A: claws 1
a: no special abilities


You were on level 2 of the Dungeon.
You visited 1 branch of the dungeon, and saw 2 of its levels.

You collected 36 gold pieces.

Inventory:

Hand Weapons
 a - a +0 war axe (weapon)
Missiles
 d - 3 throwing nets (quivered)
 h - 5 javelins
Armour
 b - a +0 leather armour (worn)
 c - a +0 helmet (worn)
 i - a +0 cloak (worn)
Jewellery
 m - a ring of wizardry
Potions
 e - a potion of cancellation {unknown}
 f - a potion of heal wounds {unknown}
 j - a potion of brilliance {unknown}


   Skills:
 - Level 2.0 Fighting
 * Level 3.8 Axes
 - Level 1.7 Throwing
 - Level 2.6 Dodging


You had 2 spell levels left.
You didn't know any spells.
Your spell library was empty.

Dungeon Overview and Level Annotations

Branches:
Dungeon (2/15)

Altars:

Annotations:
D:2 Sigmund


Innate Abilities, Weirdness & Mutations

You have sharp fingernails.


Message History

You have reached level 3!
Your experience leads to an increase in your attributes!
Increase (S)trength, (I)ntelligence, or (D)exterity?
You feel stronger.
Sigmund shouts!
Sigmund is nearby!
As you read the scroll labelled MASUS WUNGAU, it crumbles to dust.
You feel strangely unstable.
It was a scroll of teleportation.
As you read the scroll labelled NUPOUM WIXT, it crumbles to dust.
The scroll dissolves into smoke.
It was a scroll of fog.
Blink to where?
Press: ? - help, Dir - move target
As you read the scroll labelled YPECAQ DIMOP, it crumbles to dust.
It was a scroll of blinking.
Your surroundings suddenly seem different.
You start resting.
HP restored.
Sigmund is nearby!
Sigmund points at you and mumbles some strange words.
You resist with significant effort. Sigmund misses you.
You hit Sigmund but do no damage. Sigmund misses you.
Sigmund hits you with a +6 scythe of venom!
You are poisoned.
You slash Sigmund!
Sigmund is moderately wounded.
You feel very sick.
Sigmund hits you with a +6 scythe of venom.
You are lethally poisoned!
You are too injured to fight recklessly!
You are too injured to fight recklessly!
You are too injured to fight recklessly!
You are too injured to fight recklessly!
Unknown command.
You closely miss Sigmund.
Sigmund is moderately wounded.
* * * LOW HITPOINT WARNING * * *
You feel very sick.
Sigmund hits you with a +6 scythe of venom!
You die...

#..§§§§§§§§.§....
##.###..##############
#.......# #.#.#.#.#
##.......##
.#..#.#.#..##
..........#.##########
#..#.#.#.#..........#
#...@@..#.########.#
####.###.## #.#
......?## #######.#
#.###### #.......# #
#.####### #.# #.# #.#
#.#


You could see Sigmund.

Vanquished Creatures
  A dart slug (D:2)
  6 endoplasms
  2 goblins
  5 hobgoblins
  2 jackals (D:2)
  A ball python (D:2)
  4 bats
  A frilled lizard (D:1)
  A kobold (D:1)
  A rat (D:2)
24 creatures vanquished.

Notes
Turn   | Place    | Note
-------+----------+-------------------------------------------
     0 | D:1      | Kinoniko the Demonspawn Gladiator began the quest for the
                  | Orb.
     0 | D:1      | Reached XP level 1. HP: 16/16 MP: 1/1
   162 | D:1      | Reached skill level 3 in Axes
   595 | D:1      | Gained mutation: You have sharp fingernails. [demonic
                  | ancestry]
   595 | D:1      | Reached XP level 2. HP: 22/22 MP: 2/2
  1607 | D:2      | Noticed Sigmund
  1608 | D:2      | Reached XP level 3. HP: 18/27 MP: 3/3
  1728 | D:2      | Slain by Sigmund

Illustrated notes

Levels and vault maps discovered:
D:1:      psy_arrival_conway, layout_basic, chequers_serial_rivers_room_a,
          minmay_crystal_room, kennysheep_boxes
D:2:      layout_loops_ring, serial_glass, glass_columns_b, glass_columns_b,
          feat_on_display, uniq_sigmund

Skill      XL: |  1 |
---------------+----+-----
Axes           | 3 |  3.8
Fighting       | |  2.0
Throwing       | |  1.7
Dodging        | |  2.6

Action                   || total
-------------------------++-------
Melee: War axe           ||    63
  Use: Scroll            ||     3
 Stab: Sleeping          ||     1
Armor: Leather armour    ||    25
Dodge: Dodged            ||    53

Table legend: (Time is in decaauts)
 A = Elapsed time spent in this place.
 B = Non-inter-level travel time spent in this place.
 C = Inter-level travel time spent in this place.
 D = Time resting spent in this place.
 E = Time spent auto-exploring this place.
 F = Levels seen in this place.
 G = Mean time per level.
                   A        B        C        D        E       F      G
               +--------+--------+--------+--------+--------+-----+--------+
         Total |   1753 |   1668 |     85 |    330 |   1139 |   2 |  876.5 |
       Dungeon |   1753 |   1668 |     85 |    330 |   1139 |   2 |  876.5 |
               +--------+--------+--------+--------+--------+-----+--------+

Top non-repeatable levels by time:
     D:1: 1399 daAuts
     D:2: 354 daAuts
